 Dungeon Crawl Stone Soup version 0.23.2-1-ga50397a6bc (webtiles) character file.

Game seed: 5995895636293443450

3662 Cykl0x the Cleaver (level 9, -2/103 HPs)
             Began as a Demonspawn Fighter on May 7, 2019.
             Was a Believer of Makhleb.
             Slain by a yak (4 damage)
             ... on level 8 of the Dungeon.
             The game lasted 00:20:17 (5807 turns).

Cykl0x the Cleaver (Demonspawn Fighter)             Turns: 5807, Time: 00:20:17

Health: -2/103     AC: 23    Str: 29    XL:     9   Next: 89%
Magic:  4/4        EV:  9    Int: 17    God:    Makhleb [**....]
Gold:   400        SH: 17    Dex: 13    Spells: 8/8 levels left

rFire    . . .     SeeInvis .   a - +2 war axe
rCold    . . .     Gourm    .   B - +0 large shield
rNeg     . . .     Faith    .   p - +3 ring mail "Joseotin" {Regen+ MP-9 Str+4 Int+8}
rPois    .         Spirit   .   s - +0 helmet
rElec    .         Reflect  .   (no cloak)
rCorr    +         Harm     .   h - +0 pair of gloves
MR       .....                  (no boots)
Stlth    ..........             (no amulet)
HPRegen  0.67/turn              v - ring of resist corrosion
MPRegen  0.09/turn              (no ring)

@: berserking (expiring), sanguine armour, very quick
A: talons 1, nightstalker 1, sanguine armour 3
a: Minor Destruction, Renounce Religion


You were on level 8 of the Dungeon.
You worshipped Makhleb.
Makhleb was pleased with you.
You were not hungry.

You visited 2 branches of the dungeon, and saw 9 of its levels.

You collected 400 gold pieces.

Inventory:

Hand Weapons
 a - a +2 war axe (weapon)
 y - a +2 dagger of speed
Missiles
 g - 15 tomahawks (quivered)
Armour
 b - a +0 scale mail
 c - a +0 shield
 h - a +0 pair of gloves (worn)
 j - a +0 pair of boots
 p - the +3 ring mail "Joseotin" (worn) {Regen+ MP-9 Str+4 Int+8}
   (You found it on level 4 of the Dungeon)

   It affects your strength (+4).
   It affects your intelligence (+8).
   It affects your magic capacity (-9).
   It increases your rate of regeneration.
 s - a +0 helmet (worn)
 B - a +0 large shield (worn)
Jewellery
 v - a ring of resist corrosion (left hand)
Wands
 e - a wand of enslavement (2)
 u - a wand of iceblast (29)
Scrolls
 q - a scroll of immolation
 t - 2 scrolls of magic mapping
 w - a scroll of fog
 z - a scroll of enchant armour {unknown}
 A - 4 scrolls of remove curse
 C - a scroll of identify
Potions
 d - 2 potions of might
 f - a potion of ambrosia
 m - a potion of lignification
 n - a potion of berserk rage
 o - a potion of brilliance
 r - 2 potions of resistance
 x - a potion of curing
 D - a potion of mutation {unknown}
Comestibles
 i - 7 chunks of flesh
 k - 16 rations


   Skills:
 + Level 5.8 Fighting
 + Level 8.0 Axes
 + Level 0.4 Throwing
 + Level 4.6 Armour
 + Level 4.0 Dodging
 + Level 1.3 Stealth
 + Level 6.5 Shields
 + Level 0.3 Unarmed Combat
 * Level 5.4 Invocations


You had 8 spell levels left.
You didn't know any spells.
Your spell library was empty.

Dungeon Overview and Level Annotations

Branches:
Dungeon (8/15)             Temple (1/1) D:4
   Lair: D:8-11

Altars:
Ashenzari
Dithmenos
Elyvilon
Fedhas
Hepliaklqana
Kikubaaqudgha
Makhleb
Nemelex Xobeh
Qazlal
Ru
Sif Muna
Trog
Uskayaw
Vehumet
Wu Jian
Xom
Yredelemnul
Zin
The Shining One

Shops:
D:3 *


Innate Abilities, Weirdness & Mutations

You have sharp toenails.
You are slightly more attuned to the shadows.
When seriously injured, your bleeding wounds create very thick armour. (AC +12)


Message History

The crocodile bites you!
* * * LOW HITPOINT WARNING * * *
The bullfrog hits you.
* * * LOW HITPOINT WARNING * * *
The crocodile bites you but does no damage.
The yak gores you but does no damage.
The porcupine twitches its whiskers.
The yak gores you but does no damage. x2
The bullfrog hits you but does no damage.
The crocodile bites you.
* * * LOW HITPOINT WARNING * * *
You turn to flesh and can move again.
Unknown command.
You completely miss the crocodile. You claw the crocodile.
The crocodile is severely wounded.
You barely miss the bullfrog. You hit the yak. You barely miss the crocodile.
You slash the yak! x2; You block the bullfrog's attack.
You block the yak's attack. You block the crocodile's attack.
The yak gores you but does no damage. The yak gores you.
You die...

#.....# #....###### #.....#
#....#..... #.....#
#....#.....
########.....####....#...##
.....................'...##
.....................#....#
.....................#....#
......$..t..........(#....#
.....[...F@Y.##+######....#
.#######.YtYl+.. #.....#
#..r./P.. #....##
#...PP.♣.. #...[##
..P........ #......
#.PP........ #......
...PPP.t....♣ #....##
..)........P. #....##
)..P......P♣. #......


You could see 3 yaks, a basilisk, 3 crocodiles, a bullfrog and a porcupine.

Vanquished Creatures
  A troll (D:8)
  A spriggan (D:7)
  Eustachio (D:6)
  A basilisk (D:8)
  Edmund (D:6)
  A water moccasin (D:7)
  2 porcupines (D:8)
  2 ice beasts
  A sky beast (D:5)
  2 ogres
  Blork the orc (D:6)
  4 bullfrogs
  A gnoll sergeant (D:6)
  2 scorpions (D:6)
  6 killer bees (D:7)
  3 electric eels (D:7)
  3 crimson imps
  A quasit (D:8)
  8 hounds
  A centaur skeleton (D:5)
  2 jellies
  5 orc priests
  3 orc wizards
  Ijyb (D:3)
  2 iguanas
  7 worker ants
  2 hound skeletons
  A worker ant zombie (D:5)
  6 gnolls (D:6)
  A howler monkey skeleton (D:7)
  13 adders
  An ooze (D:6)
  An adder skeleton (D:4)
  An adder zombie (D:7)
  3 worms
  13 dart slugs
  6 leopard geckos
  26 orcs
  2 giant cockroaches
  6 goblins
  10 hobgoblins
  4 jackals
  5 kobolds
  2 quokkas
  3 ball pythons
  9 bats
  3 frilled lizards
  A jackal zombie (D:6)
  A quokka zombie (D:6)
  8 rats
191 creatures vanquished.

Vanquished Creatures (others)
  A plant (D:8)
1 creature vanquished.

Grand Total: 192 creatures vanquished

Notes
Turn   | Place    | Note
-------+----------+-------------------------------------------
     0 | D:1      | Cykl0x the Demonspawn Fighter began the quest for the Orb.
     0 | D:1      | Reached XP level 1. HP: 18/18 MP: 1/1
    51 | D:1      | Reached skill level 2 in Axes
    95 | D:1      | Gained mutation: When seriously injured, your bleeding
                  | wounds create armour. (AC +12) [demonic ancestry]
    95 | D:1      | Reached XP level 2. HP: 24/24 MP: 2/2
   513 | D:2      | HP: 1/24 [poisoned by an adder]
   828 | D:2      | Gained mutation: When seriously injured, your bleeding
                  | wounds create thick armour. (AC +12) [demonic ancestry]
   828 | D:2      | Reached XP level 3. HP: 29/29 MP: 3/3
  1252 | D:3      | Gained mutation: You have sharp toenails. [demonic
                  | ancestry]
  1252 | D:3      | Reached XP level 4. HP: 35/35 MP: 4/4
  1282 | D:3      | Found Zin's Purification Station.
  1283 | D:3      | Found a glowing silver altar of Zin.
  1342 | D:3      | Reached skill level 3 in Axes
  1398 | D:3      | Found a shimmering altar of Xom.
  1604 | D:3      | Reached XP level 5. HP: 40/41 MP: 5/5
  1672 | D:3      | Noticed Ijyb
  1719 | D:3      | Killed Ijyb
  1734 | D:3      | Found a shadowy altar of Dithmenos.
  1734 | D:3      | Found a shattered altar of Ashenzari.
  1735 | D:3      | Found a basalt altar of Yredelemnul.
  1816 | D:3      | Reached skill level 1 in Dodging
  1995 | D:4      | Noticed an ogre
  2031 | D:3      | Killed an ogre
  2031 | D:3      | Reached XP level 6. HP: 13/48 MP: 6/6
  2168 | D:4      | Got a tiger eye-studded ring mail
  2179 | D:4      | Identified the +3 ring mail "Joseotin" {Regen+ MP-9 Str+4
                  | Int+8} (You found it on level 4 of the Dungeon)
  2181 | D:4      | Found a staircase to the Ecumenical Temple.
  2218 | Temple   | Entered the Ecumenical Temple
  2406 | D:4      | Found a blossoming altar of Fedhas.
  2649 | D:4      | Reached skill level 4 in Axes
  2686 | D:5      | Entered Level 5 of the Dungeon
  2686 | D:5      | Noticed an ice beast
  2701 | D:5      | Killed an ice beast
  2701 | D:5      | Reached XP level 7. HP: 47/54 MP: 0/7
  2975 | D:5      | Reached skill level 5 in Axes
  3225 | D:5      | Found a burning altar of Makhleb.
  3230 | D:5      | Became a worshipper of Makhleb the Destroyer
  3261 | D:5      | Noticed a +0 hand axe
  3263 | D:5      | Noticed a +0 hand axe
  3265 | D:5      | Found a hide-covered altar of Uskayaw.
  3467 | D:6      | Reached skill level 5 in Shields
  3476 | D:6      | Gained mutation: You are slightly more attuned to the
                  | shadows. [demonic ancestry]
  3476 | D:6      | Reached XP level 8. HP: 40/61 MP: 0/8
  3525 | D:6      | Found an ancient bone altar of Kikubaaqudgha.
  3542 | D:6      | Noticed Blork the orc
  3544 | D:6      | Noticed Eustachio
  3555 | D:6      | Killed Blork the orc
  3581 | D:6      | Killed Eustachio
  3581 | D:6      | Reached skill level 5 in Fighting
  3617 | D:6      | Reached skill level 6 in Axes
  3638 | D:6      | Reached skill level 1 in Invocations
  3673 | D:6      | Reached * piety under Makhleb
  3734 | D:6      | Noticed Edmund
  3750 | D:6      | Killed Edmund
  4059 | D:6      | Found a shadowy altar of Dithmenos.
  4101 | D:6      | Gained mutation: When seriously injured, your bleeding
                  | wounds create very thick armour. (AC +12) [demonic
                  | ancestry]
  4101 | D:6      | Reached XP level 9. HP: 68/68 MP: 2/11
  4285 | D:6      | Reached skill level 7 in Axes
  4688 | D:7      | Found an ancient bone altar of Kikubaaqudgha.
  4861 | D:7      | Reached skill level 1 in Stealth
  5123 | D:7      | Reached ** piety under Makhleb
  5562 | D:7      | Found an ornate altar of the Wu Jian Council.
  5698 | D:8      | Noticed a troll
  5705 | D:8      | Killed a troll
  5761 | D:8      | Reached skill level 5 in Invocations
  5790 | D:8      | HP: 3/69 [basilisk (7)]
  5794 | D:8      | Reached skill level 8 in Axes
  5805 | D:8      | HP: 3/103 [crocodile (5)]
  5806 | D:8      | HP: 1/103 [crocodile (1)]
  5807 | D:8      | Slain by a yak

Skill      XL: |  1  2  3  4  5  6  7  8  9 |
---------------+----------------------------+-----
Axes           | 2 3 4 5 6 8 |  8.0
Shields        | 3 4 5 6 |  6.5
Armour         | 3 4 |  4.6
Dodging        | 1 2 3 4 |  4.0
Fighting       | 4 5 |  5.8
Invocations    | 2 5 |  5.4
Stealth        | 1 |  1.3
Throwing       | |  0.4
Unarmed Combat | |  0.3

Action                   |  1- 3 |  4- 6 |  7- 9 || total
-------------------------+-------+-------+-------++-------
Melee: War axe           |   105 |   165 |   377 ||   647
       Unarmed           |       |    24 |       ||    24
       Kick              |       |       |    62 ||    62
Throw: Tomahawk          |       |     8 |       ||     8
  Use: Scroll            |     5 |     6 |     9 ||    20
       Potion            |     1 |       |     2 ||     3
 Stab: Sleeping          |       |       |     3 ||     3
  Eat: Ration            |     2 |       |       ||     2
       Chunk             |       |       |    10 ||    10
Armor: Scale mail        |    69 |    67 |       ||   136
       Skin              |       |     3 |       ||     3
       Ring mail         |       |    20 |   272 ||   292
Dodge: Dodged            |    41 |    79 |   201 ||   321
Block: Shield            |    89 |   104 |   147 ||   340
       Large shield      |       |       |   159 ||   159
